 Dungeon Crawl Stone Soup version 0.28-a0-518-g36894cfc38 (webtiles) character file.

Game seed: 7339308363802409000

87523 EnegeticOcto the Blocker (level 15, 28/126 HPs)
             Began as a Deep Dwarf Cinder Acolyte on Sept 23, 2021.
             Was a Believer of Makhleb.
             Quit the game on level 14 of the Dungeon.
             The game lasted 01:33:35 (40608 turns).

EnegeticOcto the Blocker (DDCA)                    Turns: 40608, Time: 01:33:35

Health: 28/126     AC: 12    Str: 19    XL:     15   Next: 43%
Magic:  13/13      EV: 11    Int: 20    God:    Makhleb [**....]
Gold:   1431       SH: 17    Dex:  8    Spells: 11/30 levels left

rFire   . . .      SeeInvis .   E - +0 staff of Battle
rCold   x . .      Faith    .   o - +0 kite shield {rN+}
rNeg    + + .      Spirit   .   p - +0 steam dragon scales
rPois   .          Reflect  +   (no helmet)
rElec   .          Harm     .   N - +0 cloak of the Cobbler {Will+ Regen+}
rCorr   .          Rampage  .   V - +2 pair of gloves
Will    ++++.                   J - +2 pair of boots
Stlth   ++........              O - amulet of reflection
HPRegen 0.00/turn               l - ring of willpower
MPRegen 0.13/turn               I - ring of fire

@: fire susceptible
A: damage resistance, heal wounds, negative energy resistance 1, sense
surroundings 2, no regeneration
a: Heal Wounds, Renounce Religion, Minor Destruction


You were on level 14 of the Dungeon.
You worshipped Makhleb.
Makhleb was pleased with you.
You visited 4 branches of the dungeon, and saw 24 of its levels.
You also visited: Sewer and Bailey.

You collected 4891 gold pieces.
You spent 3460 gold pieces at shops.

Inventory:

Hand Weapons
 E - the +0 staff of Battle (weapon)
   (You acquired it on level 11 of the Dungeon)

   It enhances your conjuration magic.
   It summons a battlesphere in combat, with strength depending on Conjurations
   skill.
   Its strikes trigger the battlesphere's blasts.
 Q - a +5 vorpal long sword
   (You took it off a wight on level 7 of the Dungeon)
Missiles
 a - 6 curare-tipped darts
 r - 2 throwing nets {!f}
Armour
 o - a +0 kite shield of positive energy (worn)
   (You bought it in a shop on level 7 of the Dungeon)
 p - +0 steam dragon scales (worn)
   (You found it on level 4 of the Lair of Beasts)
 J - a +2 pair of boots (worn)
   (You found it on level 6 of the Dungeon)
 N - the +0 cloak of the Cobbler (worn) {Will+ Regen+}
   (You bought it in a shop on level 3 of the Dungeon)

   Regen:     It increases your rate of health regeneration.
   Will:      It increases your willpower.
 S - +0 acid dragon scales
   (You found it on level 7 of the Dungeon)
 V - a +2 pair of gloves (worn)
   (You found it on level 8 of the Dungeon)
Magical Staves
 h - a staff of poison
   (You found it on level 7 of the Dungeon)
 i - a staff of air
   (You took it off Nergalle on level 10 of the Dungeon)
 w - a staff of fire
   (You found it on level 5 of the Dungeon)
 L - a staff of earth
   (You found it on level 7 of the Dungeon)
Jewellery
 l - a ring of willpower (left hand)
   (You found it on level 2 of the Dungeon)
 I - a ring of fire (right hand)
   (You found it on level 6 of the Dungeon)
 O - an amulet of reflection (around neck)
   (You found it on level 11 of the Dungeon)
 U - a ring of resist corrosion
   (You bought it in a shop on level 7 of the Dungeon)
 Z - a ring of protection from fire
   (You found it on level 13 of the Dungeon)
Wands
 c - a wand of digging (5) {@v3}
   (You found it on level 1 of the Lair of Beasts)
 s - a wand of polymorph (21)
   (You took it off a goblin on level 3 of the Dungeon)
 x - a wand of paralysis (18)
   (You found it on level 5 of the Dungeon)
 A - a wand of acid (4) {@v1}
   (You found it on level 12 of the Dungeon)
 T - a wand of iceblast (8) {@v2}
   (You found it on level 8 of the Dungeon)
 X - a wand of flame (20) {@v4}
   (You found it on level 8 of the Dungeon)
Scrolls
 d - 7 scrolls of teleportation {@r3 !r}
 e - 3 scrolls of fear {!r}
 j - 3 scrolls of silence
 m - 2 scrolls of fog {!r}
 v - 6 scrolls of blinking {@r4}
 y - a scroll of vulnerability
 H - 5 scrolls of amnesia
 W - a scroll of enchant weapon
 Y - 2 scrolls of immolation
Potions
 b - 3 potions of magic
 g - 4 potions of flight
 k - 6 potions of haste {@q4 !q}
 n - a potion of lignification {@q6}
 q - 6 potions of brilliance
 u - 3 potions of ambrosia
 z - 3 potions of attraction
 B - 5 potions of curing {@q1 !q}
 D - 2 potions of cancellation
 F - 2 potions of berserk rage
 G - 3 potions of invisibility
 M - 2 potions of mutation
 P - 2 potions of resistance
 R - 4 potions of might {@q3 !q}
Miscellaneous
 f - a tin of tremorstones (inert)
   (You found it on level 9 of the Dungeon)
 K - a box of beasts
   (You found it on level 11 of the Dungeon)


   Skills:
 - Level 6.0 Fighting
 - Level 3.2 Axes
 - Level 5.0 Stealth
 + Level 14.9 Shields
 - Level 8.0 Spellcasting
 - Level 13.0 Conjurations
 - Level 10.0 Necromancy
 - Level 0.6 Transmutations
 - Level 12.0 Fire Magic
 - Level 0.5 Poison Magic
 - Level 8.0 Evocations


You had 11 spell levels left.
You knew the following spells:

 Your Spells              Type           Power      Damage    Failure   Level
a - Vampiric Draining     Necr           24%        2d9       1%          3
b - Scorch                Fire           100%       2d10      1%          2
c - Foxfire               Conj/Fire      100%       2x1d9     1%          1
d - Flame Wave            Conj/Fire      92%        3d15      1%          4
e - Hailstorm             Conj/Ice       50%        3d11      6%          4
s - Fireball              Conj/Fire      46%        3d18      1%          5

Your spell library contained the following spells:

 Spells                   Type           Power      Damage    Failure   Level
 Conjure Flame            Conj/Fire      92%        6-21      1%          3
 Iskenderun's Battlesphe  Conj           74%        2d12      1%          5
 Inner Flame              Hex/Fire       48%        N/A       2%          3
 Sting                    Tmut/Pois      40%        1d5       7%          1
 Freeze                   Ice            32%        1d5       9%          1
 Ensorcelled Hibernation  Hex/Ice        16%        N/A       13%         2
 Slow                     Hex            8%         N/A       13%         2
 Lightning Bolt           Conj/Air       25%        1d41      16%         5
 Spider Form              Tmut/Pois      5%         N/A       21%         3
 Confusing Touch          Hex            8%         N/A       26%         3
 Frozen Ramparts          Ice            16%        1d3       26%         3
 Gell's Gravitas          Tloc           4%         N/A       26%         3
 Lesser Beckoning         Tloc           8%         N/A       26%         3
 Teleport Other           Tloc           8%         N/A       26%         3
 Tukima's Dance           Hex            8%         N/A       26%         3
 Orb of Destruction       Conj           37%        9d13      34%         7
 Ice Form                 Ice/Tmut       9%         N/A       58%         4
 Airstrike                Air            4%         N/A       63%         4
 Passage of Golubria      Tloc           N/A        N/A       63%         4
 Summon Lightning Spire   Summ/Air       8%         N/A       63%         4
 Conjure Ball Lightning   Conj/Air       25%        3x3d7     65%         6
 Simulacrum               Ice/Necr       14%        N/A       86%         6
 Yara's Violent Unravell  Hex/Tmut       4%         3d4       90%         5
 Silence                  Hex/Air        4%         N/A       93%         5
 Dispersal                Tloc           4%         N/A       100%        6
 Summon Cactus Giant      Summ           4%         N/A       100%        6


Dungeon Overview and Level Annotations

Branches:
Dungeon (15/15)            Temple (1/1) D:4            Lair (6/6) D:9
  Swamp (0/4) Lair:3       Spider (0/4) Lair:4        Slime (0/5) Lair:6
    Orc (2/2) D:12            Elf (0/3) Orc:2        Vaults (0/5) D:13
  Sewer (visited)          Bailey (visited)
 Depths: D:15

Altars:
Ashenzari
Cheibriados
Dithmenos
Elyvilon
Fedhas
Gozag
Hepliaklqana
Kikubaaqudgha
Makhleb
Nemelex Xobeh
Okawaru
Qazlal
Ru
Sif Muna
Trog
Uskayaw
Vehumet
Wu Jian
Xom
Yredelemnul
Zin
The Shining One
Beogh
Jiyva

Shops:
D:3 [   D:5 *   D:7 ([:[*   Orc:2 ?:![

Portals:
Trove: D:14 (give +5 demon trident)

Annotations:
D:15 exclusions: ice statue and 1 more exclusion
Lair:6 1 runed translucent door, 4 exclusions


Innate Abilities, Weirdness & Mutations

You are resistant to damage.
You can heal yourself by infusing magical energy.
You resist negative energy. (rN+)
You passively map the area around you.
You do not regenerate.


Message History

Casting: Fireball (mildly dangerous; 1% risk of failure)
Confirm with . or Enter, or press ? or * to list all spells.
Aiming: Vampiric Draining (safe; 1% risk of failure)
Press: ? - help, Shift-Dir - straight line, f - purple ugly thing
Aim: a purple ugly thing (severely wounded)
You draw life force from the purple ugly thing!
You feel life coursing into your body.
You block the purple ugly thing's attack.
You hit the purple ugly thing but do no damage.
The purple ugly thing is almost dead.
Your battlesphere fires!
The barrage of energy hits the purple ugly thing!
You kill the purple ugly thing!
Makhleb accepts your kill.
Your battlesphere wavers and loses cohesion.
Things that are here:
an ugly thing corpse; an ugly thing corpse You now have 1431 gold pieces (gained 10).
G - 3 potions of invisibility (gained 1)
Things that are here:
a +0 robe; 13 arrows; a +0 longbow
Found 21 stones.
Found a helmet.
You see here 21 stones.
You see here 21 stones.
You see here a +0 helmet.
You see here a +0 helmet.
Things that are here:
a +0 robe; 13 arrows; a +0 longbow A fire dragon comes into view.
Found 43 gold pieces.
You conjure a globe of magical energy.
A fire dragon is nearby!
Press: ? - help, v - describe, . - travel The floor.
Placed new exclusion.
Partly explored, can't reach some items and places.
Really walk into a travel-excluded area?
You swap places.
Things that are here:
27 arrows; a +4 shortbow Your battlesphere wavers and loses cohesion.
A cyan ugly thing is nearby!
You conjure a globe of magical energy.
Casting: Vampiric Draining (safe; 1% risk of failure)
Confirm with . or Enter, or press ? or * to list all spells.
Aiming: Fireball (mildly dangerous; 1% risk of failure)
Press: ? - help, Shift-Dir - straight line, f - cyan ugly thing
Aim: a cyan ugly thing You feel a strong surge of power!
The fireball explodes!
The fireball engulfs the cyan ugly thing!
The cyan ugly thing is moderately wounded.
You hear a horrible gurgling sound!
Your battlesphere fires!
The barrage of energy hits the cyan ugly thing.
The cyan ugly thing is moderately wounded.
Casting: Fireball (mildly dangerous; 1% risk of failure)
Confirm with . or Enter, or press ? or * to list all spells.
Aiming: Fireball (mildly dangerous; 1% risk of failure)
Press: ? - help, Shift-Dir - straight line, f/p - cyan ugly thing
Aim: a cyan ugly thing (moderately wounded, ally target)
You feel a strong surge of power!
The fireball explodes!
The fireball engulfs the cyan ugly thing!!!
The cyan ugly thing is almost dead.
You hear a horrible gurgling sound!
Your battlesphere fires!
The barrage of energy hits the cyan ugly thing but does no damage.
The cyan ugly thing is almost dead.
A cyan ugly thing comes into view. x2
Casting: Fireball (mildly dangerous; 1% risk of failure)
Confirm with . or Enter, or press ? or * to list all spells.
Aiming: Vampiric Draining (safe; 1% risk of failure)
Press: ? - help, Shift-Dir - straight line, f/p - cyan ugly thing
Aim: a cyan ugly thing (almost dead, ally target)
You draw life force from the cyan ugly thing!
You kill the cyan ugly thing!
Makhleb accepts your kill.
You feel life coursing into your body.
The cyan ugly thing basks in the mutagenic energy from its kin and changes! x2
Things that are here:
27 arrows; a +4 shortbow
Okay, then.
Your battlesphere wavers and loses cohesion.
There is a stone staircase leading up, spattered with blood here.
You conjure a globe of magical energy.
The white ugly thing stings your battlesphere.
The white ugly thing freezes your battlesphere.
Your battlesphere resists.
You climb upwards.
Your battlesphere wavers and loses cohesion.
There is a stone staircase leading down here.
You start resting.
Magic restored.
You start waiting.
Done waiting.
Okay, then.
Saving game... please wait.
Welcome back, EnegeticOcto the Deep Dwarf Cinder Acolyte.
Blood and souls for Makhleb!
Press ? for a list of commands and other information.
Are you sure you want to abandon this character and quit the game? (Confirm with "yes".)

.........#.#.........##...##
.........#...........#.....#
.[[......###.........#.....#
...[.....# #.........#.....#
###.###### ####.#######...##
#.## #......###### #..#
#######.# ##.#
###########'## ####'##
#.....@......# ......#
#............#
......#####............#
......'..##............#
......##..#............#
......###.'............#
......# ###.......[....#
####### ##############


There were no monsters in sight!

Vanquished Creatures
  Rupert (D:12)
  A sphinx (D:14)
  Kirke (D:14)
  An orc warlord (Bailey)
  Azrael (D:14)
  An ettin (Orc:2)
  Josephine (D:12)
  Erolcha (Orc:2)
  2 ogre magi (Orc:2)
  2 hydras
  4 boulder beetles
  A catoblepas (Lair:4)
  6 centaur warriors
  2 dancing weapons (D:13)
  11 two-headed ogres
  6 death yaks
  An orc high priest (Orc:1)
  Nergalle (D:10)
  2 deep trolls (Orc:2)
  A lindwurm (Lair:5)
  2 wizards
  3 orc knights
  An orc sorcerer (Orc:1)
  10 ugly things
  3 manticores
  An orb spider (Lair:4)
  7 cyclopes
  15 elephants
  4 black mambas
  An eye of devastation (shapeshifter) (D:15)
  12 cane toads
  2 centaur zombies
  A torpor snail (Lair:6)
  An unseen horror (D:10)
  A rime drake (Lair:5)
  An unseen horror (shapeshifter) (D:15)
  A freezing wraith (D:14)
  8 komodo dragons
  13 trolls
  A polar bear (shapeshifter) (D:14)
  3 meliai (D:15)
  A polar bear (Lair:5)
  Grinder (D:3)
  7 blink frogs (Lair:1)
  12 slime creatures (D:14)
  3 shadows (D:13)
  2 vampires
  4 wraiths (D:12)
  6 wyverns
  A hog (D:14)
  10 fire elementals
  A hog (shapeshifter) (D:15)
  6 basilisks
  47 yaks
  2 steam dragons
  21 vampire mosquitoes
  4 wargs
  4 acid dragons
  2 hell hounds (D:14)
  17 orc warriors
  2 hornet zombies
  8 water moccasins
  2 sky beasts (D:5)
  3 ice beasts
  4 black bears
  22 ogres
  17 wolves
  15 centaurs
  2 kobold brigands
  2 scorpions
  13 bullfrogs
  A gnoll sergeant (D:9)
  A water moccasin zombie (D:6)
  9 wights
  2 electric eels
  7 howler monkeys
  A hound (shapeshifter) (D:14)
  2 bullfrog skeletons
  5 jellies
  14 orc priests
  5 hounds
  2 centaur skeletons
  5 iguanas
  A gnoll shaman (D:7)
  14 orc wizards
  A scorpion zombie (D:5)
  5 hell rats (Lair:6)
  A howler monkey zombie (D:7)
  7 adders
  13 gnolls
  A river rat (Sewer)
  4 white imps
  2 worms
  4 dart slugs
  60 orcs
  7 ball pythons
  4 endoplasms
  3 giant cockroaches
  9 goblins
  11 hobgoblins
  4 jackals
  28 kobolds
  A quokka (D:6)
  4 bats
  4 frilled lizards
  11 rats
  8 bushes (Lair:6)
640 creatures vanquished.

Vanquished Creatures (collateral kills)
  2 foxfires
2 creatures vanquished.

Vanquished Creatures (others)
  A human (D:14)
  A vampire mosquito (D:14)
  A howler monkey (D:14)
  717 foxfires
  41 fungi
  135 plants
896 creatures vanquished.

Grand Total: 1538 creatures vanquished

Notes
Turn   | Place    | Note
-------+----------+-------------------------------------------
     0 | D:1      | EnegeticOcto the Deep Dwarf Cinder Acolyte began the quest
                  | for the Orb.
     0 | D:1      | Reached XP level 1. HP: 20/20 MP: 2/2
    59 | D:1      | Reached skill level 1 in Stealth
    84 | D:1      | Found a faded altar of an unknown god.
    92 | D:1      | Reached skill level 2 in Stealth
   100 | D:1      | Got Plato's Compendium of Intoxication
   132 | D:1      | Learned a level 1 spell: Sting
   141 | D:1      | Reached XP level 2. HP: 27/27 MP: 3/3
   216 | D:1      | Learned a level 2 spell: Scorch
  1529 | D:2      | Reached XP level 3. HP: 28/33 MP: 4/4
  1928 | D:2      | Reached skill level 3 in Stealth
  1970 | D:2      | Reached skill level 3 in Fire Magic
  2196 | D:2      | Reached XP level 4. HP: 30/40 MP: 0/5
  2708 | D:3      | Reached skill level 4 in Fire Magic
  2821 | D:3      | Noticed Grinder
  3346 | D:3      | Reached XP level 5. HP: 31/46 MP: 4/7
  3402 | D:3      | Found Sayri's Antique Armour Shoppe.
  3474 | D:3      | Learned a level 1 spell: Foxfire
  3922 | D:3      | Killed Grinder
  3923 | D:3      | Reached skill level 3 in Spellcasting
  3923 | D:3      | Reached skill level 2 in Conjurations
  3923 | D:3      | Reached XP level 6. HP: 37/55 MP: 5/10
  4349 | D:3      | Your magical essence is drained by the effort!
  4355 | D:3      | Your magical essence is drained by the effort!
  4423 | D:3      | Reached skill level 5 in Fire Magic
  4817 | D:4      | Reached XP level 7. HP: 55/61 MP: 0/10
  5073 | D:4      | Found a staircase to the Ecumenical Temple.
  5092 | Temple   | Entered the Ecumenical Temple
  5454 | D:4      | Found a shimmering blue altar of Sif Muna.
  5493 | D:4      | Found a stormy altar of Qazlal.
  5767 | D:5      | Entered Level 5 of the Dungeon
  6052 | D:5      | Reached skill level 3 in Fighting
  6109 | D:5      | Learned a level 4 spell: Flame Wave
  6225 | D:5      | Reached skill level 3 in Conjurations
  6448 | D:5      | Reached skill level 4 in Conjurations
  6580 | D:5      | Reached XP level 8. HP: 62/69 MP: 4/11
  6659 | D:5      | Found Tamaegar's Assorted Antiques.
  6662 | D:5      | Bought a scroll labelled PICVIE BILAG for 23 gold pieces
  6957 | D:5      | Reached skill level 6 in Fire Magic
  7043 | D:5      | Found a hide-covered altar of Uskayaw.
  7052 | D:5      | Found a white marble altar of Elyvilon.
  7167 | D:6      | Reached skill level 2 in Shields
  7441 | D:6      | Reached skill level 3 in Shields
  7449 | D:6      | Found a glowing drain.
  7453 | Sewer    | Entered a sewer
  7689 | Sewer    | Reached skill level 1 in Evocations
  7775 | Sewer    | Found a white marble altar of Elyvilon.
  8218 | D:6      | Got Sif Muna's Disquisition on Air
  8281 | D:6      | Reached skill level 2 in Evocations
  8355 | D:6      | Reached skill level 4 in Stealth
  8534 | D:6      | Reached skill level 4 in Shields
  8534 | D:6      | Reached skill level 7 in Fire Magic
  8534 | D:6      | Reached skill level 3 in Evocations
  8740 | D:7      | Reached skill level 4 in Spellcasting
  8740 | D:7      | Gained mutation: You passively map the area around you.
                  | [Deep Dwarf growth]
  8740 | D:7      | Reached XP level 9. HP: 52/75 MP: 3/13
  9049 | D:7      | Found Toom Amn's Book Boutique.
  9057 | D:7      | Reached skill level 5 in Stealth
  9060 | D:7      | Reached skill level 4 in Evocations
  9257 | D:7      | Found Cubbiw's Antique Armour Shoppe.
  9586 | D:7      | Found Hethusou's Weapon Shop.
  9963 | D:7      | Found Muetu's Antique Armour Boutique.
  9982 | D:7      | Reached skill level 5 in Conjurations
 10154 | D:3      | Bought an ichor-stained cloak for 256 gold pieces
 10154 | D:3      | Identified the +0 cloak of the Cobbler {Will+ Regen+} (You
                  | bought it in a shop on level 3 of the Dungeon)
 10626 | D:7      | Reached skill level 5 in Spellcasting
 10812 | D:7      | Found Hota Laexki's Assorted Antiques.
 10955 | D:7      | Reached skill level 6 in Conjurations
 11298 | D:8      | Reached skill level 6 in Spellcasting
 11310 | D:7      | Reached XP level 10. HP: 42/84 MP: 0/17
 11429 | D:8      | Reached skill level 7 in Conjurations
 12291 | D:8      | Identified a scroll of acquirement
 12291 | D:8      | Acquired 596 gold pieces
 12356 | D:7      | Bought a fuming cyan potion for 20 gold pieces
 12408 | D:7      | Bought a glimmering ring mail for 198 gold pieces
 12408 | D:7      | Identified the +3 ring mail of the Loofah {*Slow rPois
                  | SInv} (You bought it in a shop on level 7 of the Dungeon)
 12408 | D:7      | Bought an embroidered robe for 81 gold pieces
 12467 | D:7      | Bought a bloodstained scale mail for 198 gold pieces
 12467 | D:7      | Identified the +0 scale mail of Love and Death {rC- Will+
                  | Dex+4} (You bought it in a shop on level 7 of the Dungeon)
 12500 | D:7      | Bought a scroll labelled JOGAIPSOMPYRGH for 23 gold pieces
 12500 | D:7      | Bought a garnet ring for 115 gold pieces
 12620 | D:9      | Found a flagged portal.
 12627 | Bailey   | Entered a bailey
 12854 | Bailey   | Noticed an orc warlord
 12964 | Bailey   | Reached skill level 8 in Conjurations
 13022 | Bailey   | Found a runed translucent gate.
 13022 | Bailey   | Found a runed translucent gate.
 13022 | Bailey   | Found a runed translucent gate.
 13027 | Bailey   | Noticed an orc knight
 13038 | Bailey   | Killed an orc knight
 13039 | Bailey   | Reached skill level 8 in Fire Magic
 13384 | Bailey   | Killed an orc warlord
 13385 | Bailey   | Reached skill level 6 in Evocations
 13539 | Bailey   | Acquired 1259 gold pieces
 13541 | Bailey   | Acquired 764 gold pieces
 13646 | D:7      | Bought a wand of paralysis (7) for 46 gold pieces
 13646 | D:7      | Bought a runed kite shield for 172 gold pieces
 13646 | D:7      | Bought a scroll of immolation for 80 gold pieces
 13690 | D:7      | Bought a book of the Spheres for 810 gold pieces
 13696 | D:7      | Learned a level 5 spell: Fireball
 13702 | D:7      | Learned a level 5 spell: Iskenderun's Battlesphere
 13910 | D:9      | Your magical essence is drained by the effort!
 14008 | D:9      | Reached skill level 5 in Shields
 14376 | D:9      | Reached skill level 7 in Evocations
 14584 | D:9      | Found a staircase to the Lair.
 14966 | D:10     | Entered Level 10 of the Dungeon
 15151 | D:10     | Reached XP level 11. HP: 55/90 MP: 11/17
 15353 | D:10     | Reached skill level 8 in Evocations
 15534 | D:10     | Noticed an orc knight
 15599 | D:10     | Noticed a two-headed ogre
 15616 | D:10     | Killed a two-headed ogre
 15617 | D:10     | Reached skill level 6 in Shields
 15624 | D:10     | Noticed Nergalle
 15727 | D:10     | Your magical essence is drained by the effort!
 15728 | D:10     | Your magical essence is drained by the effort!
 16291 | D:10     | Found a broken altar of Ashenzari.
 16294 | D:10     | Noticed a boulder beetle
 16297 | D:10     | Reached skill level 9 in Conjurations
 16298 | D:10     | Reached skill level 7 in Shields
 16308 | D:10     | Killed a boulder beetle
 16309 | D:10     | Reached skill level 8 in Shields
 17292 | D:10     | Found an iron altar of Okawaru.
 17345 | D:10     | Killed Nergalle
 17690 | D:7      | Bought a book of Debilitation for 330 gold pieces
 17694 | D:7      | Learned a level 3 spell: Vampiric Draining
 17745 | Lair:1   | Entered Level 1 of the Lair of Beasts
 17761 | Lair:1   | Reached skill level 1 in Necromancy
 17762 | Lair:1   | Reached skill level 2 in Necromancy
 17768 | Lair:1   | Reached skill level 3 in Necromancy
 18000 | Lair:1   | Reached skill level 4 in Necromancy
 18194 | Lair:1   | Reached skill level 5 in Necromancy
 18371 | Lair:1   | Reached skill level 6 in Necromancy
 18542 | Lair:1   | Reached XP level 12. HP: 75/97 MP: 0/17
 18742 | Lair:1   | Reached skill level 7 in Necromancy
 19216 | Lair:2   | Noticed a seven-headed hydra
 19831 | Lair:2   | Reached skill level 8 in Necromancy
 20639 | Lair:2   | Killed a seven-headed hydra
 20640 | Lair:2   | Reached skill level 9 in Necromancy
 21436 | Lair:3   | Found a staircase to the Swamp.
 21438 | Lair:3   | Reached skill level 7 in Spellcasting
 21756 | Lair:3   | Reached skill level 10 in Conjurations
 21856 | Lair:3   | Reached skill level 4 in Fighting
 21856 | Lair:3   | Reached skill level 10 in Necromancy
 21871 | Lair:3   | Reached skill level 9 in Shields
 22474 | Lair:4   | Reached skill level 5 in Fighting
 22891 | Lair:4   | Your magical essence is drained by the effort!
 23211 | Lair:4   | Found a hole to the Spider Nest.
 24021 | Lair:5   | Reached XP level 13. HP: 74/111 MP: 10/17
 24155 | Lair:5   | Reached skill level 10 in Shields
 24161 | Lair:5   | Reached skill level 6 in Fighting
 24269 | Lair:4   | Your magical essence is drained by the effort!
 25646 | Lair:5   | Reached skill level 11 in Shields
 26099 | Lair:5   | Reached skill level 9 in Fire Magic
 26363 | Lair:6   | Entered Level 6 of the Lair of Beasts
 27021 | Lair:6   | Found a staircase to the Slime Pits.
 27021 | Lair:6   | Found a viscous altar of Jiyva.
 27347 | Lair:5   | Reached skill level 12 in Shields
 27680 | Lair:6   | Reached skill level 10 in Fire Magic
 28076 | Lair:6   | Found a runed translucent door.
 29091 | D:11     | Reached skill level 11 in Fire Magic
 29471 | D:11     | Acquired the +0 staff of Battle
 29471 | D:11     | Found the +0 staff of Battle
 29613 | D:11     | Found a sparkling altar of Nemelex Xobeh.
 29763 | D:12     | Found a staircase to the Orcish Mines.
 29810 | Orc:1    | Entered Level 1 of the Orcish Mines
 29957 | Orc:1    | Gained mutation: You resist negative energy. (rN+) [Deep
                  | Dwarf growth]
 29957 | Orc:1    | Reached XP level 14. HP: 44/120 MP: 10/17
 30234 | Orc:2    | Entered Level 2 of the Orcish Mines
 31378 | Orc:2    | Reached skill level 12 in Fire Magic
 31668 | Orc:2    | Noticed Erolcha
 31677 | Orc:1    | Your magical essence is drained by the effort!
 32325 | Orc:2    | Found Qeumm's Magic Scroll Shop.
 32333 | Orc:2    | Killed Erolcha
 32334 | Orc:2    | Reached skill level 8 in Spellcasting
 32335 | Orc:2    | Reached skill level 11 in Conjurations
 32656 | Orc:2    | Found Vyextoed's Distillery.
 32951 | Orc:1    | Your magical essence is drained by the effort!
 32959 | Orc:2    | HP: 6/120 [cyclops/large rock (27)]
 33277 | Orc:2    | Found Iclia's Armour Boutique.
 33278 | Orc:2    | Found Beorr's Book Emporium.
 33336 | Orc:2    | Bought a scroll of enchant armour for 127 gold pieces
 33336 | Orc:2    | Bought a scroll of blinking for 127 gold pieces
 33514 | Orc:2    | Found a staircase to the Elven Halls.
 33763 | D:12     | Noticed Josephine
 34094 | Temple   | Fell from the grace of Ignis
 34094 | Temple   | Became a worshipper of Makhleb the Destroyer
 34300 | D:12     | Noticed Rupert
 34325 | D:12     | Killed Rupert
 34428 | D:11     | You fall into a shaft and drop 1 floor!
 34444 | D:12     | Reached skill level 12 in Conjurations
 34728 | D:12     | Killed Josephine
 34890 | D:12     | You fall into a shaft and drop 2 floors!
 34891 | D:14     | Your magical essence is drained by the effort!
 34957 | D:14     | Noticed Azrael
 34957 | D:14     | Found the +3 warlock's mirror {reflect}
 35267 | D:12     | You fall into a shaft and drop 1 floor!
 35286 | D:13     | Your magical essence is drained by the effort!
 35768 | Orc:2    | Bought a potion of brilliance for 56 gold pieces
 35768 | Orc:2    | Bought a potion of invisibility for 112 gold pieces
 35768 | Orc:2    | Bought a potion of haste for 140 gold pieces
 35768 | Orc:2    | Bought a potion of resistance for 140 gold pieces
 35768 | Orc:2    | Bought a potion of invisibility for 112 gold pieces
 35768 | Orc:2    | Bought a potion of curing for 42 gold pieces
 35768 | Orc:2    | Bought a potion of ambrosia for 112 gold pieces
 35768 | Orc:2    | Bought a potion of haste for 140 gold pieces
 35845 | D:13     | Found a gate to the Vaults.
 36036 | D:13     | Reached skill level 13 in Conjurations
 36051 | D:13     | Your magical essence is drained by the effort!
 36366 | D:13     | Found a hazy altar of Hepliaklqana.
 36929 | D:14     | Learned a level 4 spell: Hailstorm
 37663 | D:14     | Reached * piety under Makhleb
 37665 | D:14     | Reached XP level 15. HP: 108/126 MP: 1/15
 38110 | D:14     | Reached skill level 13 in Shields
 38134 | D:14     | Noticed Kirke
 38216 | D:14     | Killed Kirke
 38328 | D:14     | Killed Azrael
 38436 | D:14     | You fall into a shaft and drop 1 floor!
 38436 | D:15     | Entered Level 15 of the Dungeon
 38799 | D:14     | Found a portal to a secret trove of treasure.
 39033 | D:14     | Reached skill level 14 in Shields
 39482 | D:15     | Your magical essence is drained by the effort!
 39531 | D:15     | Reached ** piety under Makhleb
 39603 | D:15     | Your magical essence is drained by the effort!
 40608 | D:14     | Quit the game

Illustrated notes

Levels and vault maps discovered:
D:1:      eino_arrival_tree_alley, layout_basic,
          shapermc_ecumenical_altar_rom_forum
D:2:      layout_basic
D:3:      layout_basic, serial_shops, shop, grunt_decor_junction, uniq_grinder
D:4:      layout_cave_pools, mainiacjoe_overflow_brackets, kennysheep_mini,
          minmay_temple_entry_junction
D:5:      layout_loops_corners, mainiacjoe_overflow_swirl, serial_shops, shop,
          kennysheep_cross_room
D:6:      layout_cave_pools, gup_sewer_entry_bowl, serial_column_ruins,
          column_ruins_corridor_straight, column_ruins_grid_1,
          column_ruins_grid_3, nicolae_benzene_ring, kennysheep_cluttered_room,
          minmay_crystal_water, chequers_serial_rivers_micro_b
D:7:      layout_basic, serial_shops, nicolae_diamond_shop,
          nicolae_take_the_stairs, nicolae_shop_crystal, shop,
          nicolae_shop_statue_plus, st_stairs_11, kennysheep_small_square
D:8:      layout_rooms, minmay_checkerbox
D:9:      layout_loops_ring, david_lair_shrubbed, enter_bailey_4
D:10:     cheibrodos_fzero, layout_stronghold,
          mainiacjoe_overflow_catch_the_wave, uniq_nergalle
D:11:     layout_roguey, nemelex_diamond_rough_becter
D:12:     layout_small_grid, orc_0_dummy, uniq_rupert, uniq_josephine
D:13:     layout_loops_ring, erik_vaults_1, nicolae_hepliaklqana_hippocampus
D:14:     layout_roguey, enter_trove_0, minmay_misc_feat_x, minmay_three_doors,
          uniq_azrael, uniq_kirke
D:15:     grunt_enter_depths_hoard, layout_loops_ring,
          portal_ice_cave_entry_ice_statue_two, lemuel_doored_altar
Temple:   eino_temple_scatter_basement
Lair:1:   layout_misc_corridors, grunt_megastairs_5, lemuel_fruit_fields,
          serial_bayou_shore_a, lemuel_fruit_tree
Lair:2:   layout_regular_city, chequers_serial_rivers_small_3,
          lemuel_fruit_fields
Lair:3:   layout_misc_corridors, minmay_swamp_entry_swarm, serial_bayou_pond_d
Lair:4:   layout_cave_pods, nicolae_spider_entry_orb_guardian,
          lemuel_fruit_fields
Lair:5:   layout_cellular_growth, grunt_megastairs_3
Lair:6:   hangedman_lair_caniforms_friends, layout_loops_ring, wormcave,
          slime_altar_1, minmay_hedge_maze
Orc:1:    layout_diamond_mine, serial_shops, basic_altar
Orc:2:    st_orc_open, layout_caves, uniq_erolcha

Skill      XL: |  1  2  3  4  5  6  7  8  9 10 11 12 13 14 15 |
---------------+----------------------------------------------+-----
Stealth        | 2 3 4 5 |  5.0
Fire Magic     | 3 4 5 7 8 11 12 | 12.0
Spellcasting   | 3 4 6 7 8 |  8.0
Conjurations   | 2 4 6 8 9 10 13 | 13.0
Fighting       | 3 5 6 |  6.0
Shields        | 4 5 8 9 12 14 | 14.9
Evocations     | 3 4 7 8 |  8.0
Necromancy     | 6 10 | 10.0
Axes           | |  3.2
Transmutations | |  0.6
Poison Magic   | |  0.5

Action                   |  1- 3 |  4- 6 |  7- 9 | 10-12 | 13-15 || total
-------------------------+-------+-------+-------+-------+-------++-------
Melee: Hand axe          |    37 |     8 |       |       |       ||    45
       Staff             |       |       |     5 |    69 |   176 ||   250
 Fire: Hunting sling     |    25 |    37 |       |       |       ||    62
 Cast: Scorch            |    23 |    39 |    63 |    80 |    27 ||   232
       Sting             |     7 |       |       |       |       ||     7
       Foxfire           |       |    14 |   178 |   158 |    53 ||   403
       Flame Wave        |       |       |     3 |    19 |    72 ||    94
       Fireball          |       |       |       |    30 |    37 ||    67
       Vampiric Draining |       |       |       |    76 |   221 ||   297
       Iskenderun's Batt |       |       |       |     5 |       ||     5
Invok: Foxfire Swarm     |       |     1 |       |     1 |       ||     2
 Abil: Heal Wounds       |       |     2 |     3 |     9 |    35 ||    49
Evoke: Wand              |       |       |     4 |    24 |    76 ||   104
       Tin of tremorston |       |       |       |     3 |     4 ||     7
       Box of beasts     |       |       |       |       |     2 ||     2
  Use: Scroll            |     3 |       |     8 |    20 |     7 ||    38
       Potion            |       |       |       |     2 |     7 ||     9
 Stab: Held in net/web   |     1 |       |       |       |       ||     1
       Paralysed         |       |       |       |    11 |    17 ||    28
Armor: Robe              |     7 |     2 |    10 |    59 |       ||    78
       Steam dragon scal |       |       |       |     2 |   196 ||   198
Dodge: Dodged            |    26 |    12 |    14 |   117 |   263 ||   432
Block: Buckler           |       |       |       |    60 |     3 ||    63
       Kite shield       |       |       |       |       |   427 ||   427
       Reflection        |       |       |       |       |    13 ||    13

Table legend: (Time is in decaauts)
 A = Elapsed time spent in this place.
 B = Non-inter-level travel time spent in this place.
 C = Inter-level travel time spent in this place.
 D = Time resting spent in this place.
 E = Time spent auto-exploring this place.
 F = Levels seen in this place.
 G = Mean time per level.
                   A        B        C        D        E       F      G
               +--------+--------+--------+--------+--------+-----+--------+
         Total |  40868 |  38077 |   2791 |  10935 |  20638 |  26 | 1571.8 |
       Dungeon |  25057 |  22998 |   2059 |   6187 |  12821 |  15 | 1670.5 |
        Temple |    233 |    191 |     42 |      0 |    172 |   1 |  233.0 |
          Lair |  10438 |  10052 |    386 |   2305 |   6229 |   6 | 1739.7 |
  Orcish Mines |   3754 |   3451 |    303 |   1710 |   1131 |   2 | 1877.0 |
         Sewer |    464 |    464 |      0 |    237 |    124 |   1 |  464.0 |
        Bailey |    920 |    920 |      0 |    496 |    160 |   1 |  920.0 |
               +--------+--------+--------+--------+--------+-----+--------+

Top non-repeatable levels by time:
    D:14: 3113 daAuts
   Orc:1: 2903 daAuts
    D:10: 2895 daAuts
     D:7: 2755 daAuts
     D:3: 2436 daAuts
  Lair:4: 2334 daAuts
  Lair:5: 2236 daAuts
  Lair:1: 1845 daAuts
     D:9: 1716 daAuts
     D:5: 1711 daAuts
  Lair:2: 1523 daAuts
     D:1: 1473 daAuts
    D:12: 1459 daAuts
  Lair:6: 1397 daAuts
    D:11: 1351 daAuts
